 Dungeon Crawl Stone Soup version 0.30-b1-2-g02819fbbbe (webtiles) character file.

Game seed: 9729179440533115383

74 Flugkiller the Trooper (level 4, -3/41 HPs)
             Began as a Minotaur Fighter on May 8, 2023.
             Killed from afar by an orc wizard (14 damage)
             ... with a puff of flame
             ... on level 3 of the Dungeon.
             The game lasted 00:00:47 (1551 turns).

Flugkiller the Trooper (Minotaur Fighter)           Turns: 1551, Time: 00:00:48

Health: -3/41      AC:  7    Str: 29    XL:     4   Next: 9%
Magic:  3/3        EV:  9    Int:  5    God:
Gold:   81         SH:  4    Dex:  9    Spells: 3/3 levels left

rFire   . . .        a - +0 war axe
rCold   . . .        c - +0 buckler
rNeg    . . .        b - +0 scale mail
rPois   .            (helmet restricted)
rElec   .            (no cloak)
rCorr   .            (no gloves)
SInv    .            (no boots)
Will    .....        (no amulet) Stlth
                     m - +6 ring of strength
HPRegen 0.26/turn    n - ring of flight
MPRegen 0.08/turn

%: no passive effects
@: flying
A: horns 2, retaliatory headbutt
a: no special abilities


You were on level 3 of the Dungeon.
You visited 1 branch of the dungeon, and saw 3 of its levels.

You collected 81 gold pieces.

Inventory:

Hand Weapons
 a - a +0 war axe (weapon)
Armour
 b - a +0 scale mail (worn)
 c - a +0 buckler (worn)
Jewellery
 m - a +6 ring of strength (left hand)
   (You found it on level 2 of the Dungeon)
 n - a ring of flight (right hand)
   (You found it on level 2 of the Dungeon)
Scrolls
 e - 4 scrolls of identify {unknown}
 f - a scroll of torment {unknown}
 j - a scroll of magic mapping {unknown}
 l - a scroll of teleportation {unknown}
Potions
 d - a potion of might
 g - a potion of curing {unknown}
 h - a potion of haste {unknown}
 i - a potion of ambrosia {unknown}
 k - a potion of brilliance {unknown}


   Skills:
 * Level 4.5 Fighting
 * Level 3.4 Axes
 * Level 4.4 Armour
 + Level 4.0 Shields


You had 3 spell levels left.
You didn't know any spells.
Your spell library was empty.

Dungeon Overview and Level Annotations

Branches:
Dungeon (3/15)

Altars:

Shops:
D:3 ([


Innate Abilities, Weirdness & Mutations

You have a pair of horns on your head.
You reflexively headbutt those who attack you in melee.


Message History

No target in view!
No target in view!
No target in view!
HP restored.
You reach down and open the door.
Found 4 boomerangs.
No target in view!
There is an open door here.
You reach down and open the door.
There is an open door here.
A kobold comes into view. It is wielding a +0 short sword.
A kobold is nearby!
The kobold hits you with a +0 short sword.
You hit the kobold.
You kill the kobold!
No target in view!
No target in view!
No target in view!
No target in view!
No target in view!
No target in view!
No target in view!
No target in view!
You see here a +0 short sword.
Found Ysokkoh's Weapon Shop.
A goblin comes into view. It is wielding a +0 dagger.
Found a stone staircase leading up.
The goblin shouts!
An orc comes into view. It is wielding a +0 dagger.
The orc shouts!
An orc wizard comes into view.
It is wielding a +0 dagger and wearing a +2 robe of cold resistance.
The orc wizard shouts!
You hear a shout! x2
An orc comes into view. It is wielding a +0 club.
An orc comes into view. It is wielding a +0 dagger.
The goblin hits you but does no damage.
An orc comes into view. It is wielding a +0 mace.
You slash the goblin!
You kill the goblin!
The orc hits you but does no damage.
The orc wizard mumbles some strange words.
The orc wizard flickers and vanishes!
Deactivating autopickup; reactivate with Ctrl-A.
You closely miss the orc. You slash the orc!
You kill the orc!
You miss something. Something hits you but does no damage.
You have reached level 4!
You feel stronger.
You barely miss the orc. You miss something. You barely miss the orc.
The orc barely misses you.
You hear some strange, mumbled words.
A magic dart appears from out of thin air!
The magic dart hits you! You block the orc's attack. Something hits you.
The orc barely misses you. You furiously retaliate!
You headbutt the orc!
You kill the orc!
Your Shields skill increases to level 4!
You closely miss the orc. You closely miss something. Something hits you.
The orc hits you but does no damage.
You barely miss the orc. You hit something. You closely miss the orc.
The orc hits you but does no damage. Something hits you.
The orc barely misses you. You furiously retaliate!
You headbutt the orc. You closely miss the orc.
The orc is heavily wounded.
You miss something. You hit the orc. The orc closely misses you.
Something hits you. The orc hits you but does no damage.
Something hits you but does no damage. The orc barely misses you.
The orc hits you but does no damage.
You slash the orc!
You kill the orc!
You miss something. You closely miss the orc. The orc hits you with a +0 mace.
Something hits you but does no damage.
You closely miss the orc. Your headbutt misses the orc.
The orc is moderately wounded.
You barely miss something. The orc barely misses you.
You hear some strange, mumbled words.
A puff of flame appears from out of thin air!
The puff of flame hits you!
You are too injured to fight recklessly!
You are too injured to fight recklessly!
You are too injured to fight recklessly!
You are too injured to fight recklessly!
You are too injured to fight recklessly!
You are too injured to fight recklessly!
You are too injured to fight recklessly!
You are too injured to fight recklessly!
You are too injured to fight recklessly!
You are too injured to fight recklessly!
You barely miss something. Your headbutt misses something. You hit the orc.
The orc barely misses you. Something hits you but does no damage.
Something hits you. The orc barely misses you.
You closely miss something. Your headbutt misses something. You hit the orc.
You kill the orc!
Something hits you.
* * * LOW HITPOINT WARNING * * *
You slash something! Your headbutt misses something. Something hits you.
* * * LOW HITPOINT WARNING * * *
You hear some strange, mumbled words.
A puff of flame appears from out of thin air!
The puff of flame hits you!
You die...

###....###.........####..
##.#.# ##.......## ##.
###)# ##.....## ## #..#
##...## #.########+##
#.#........# #.#.........
#.#.)).....#
####.#.@{..<...
#......∩)......
#.##.#......... #
#.#......... #......###.#
####.### # #.# #.# .#


There were no monsters in sight!

Vanquished Creatures
  An adder (D:2)
  2 dart slugs
  4 orcs (D:3)
  3 endoplasms
  4 giant cockroaches (D:2)
  5 goblins
  3 hobgoblins (D:1)
  8 jackals
  7 kobolds
  2 quokkas (D:1)
  3 ball pythons
  4 bats
  A frilled lizard (D:3)
  3 rats (D:1)
50 creatures vanquished.

Notes
Turn   | Place    | Note
-------+----------+-------------------------------------------
     0 | D:1      | Flugkiller the Minotaur Fighter began the quest for the
                  | Orb.
     0 | D:1      | Reached XP level 1. HP: 19/19 MP: 0/0
   192 | D:1      | Reached XP level 2. HP: 27/27 MP: 1/1
   326 | D:1      | Found a faded altar of an unknown god.
   975 | D:2      | Reached XP level 3. HP: 29/33 MP: 2/2
  1451 | D:3      | Found Xiamoj's Armour Shop.
  1535 | D:3      | Found Ysokkoh's Weapon Shop.
  1543 | D:3      | Reached XP level 4. HP: 41/41 MP: 3/3
  1551 | D:3      | Killed from afar by an orc wizard

Illustrated notes

Levels and vault maps discovered:
D:1:      dpeg_arrival_more_subterranean_lakeside_camping, layout_loops_ring,
          shapermc_ecumenical_altar_mp_highgroup
D:2:      layout_rooms, kennysheep_generic_room_6
D:3:      minmay_bubble_buster, layout_loops_corners, jmf_multi_god_temple2,
          serial_shops, shop, shop, nicolae_square_shop, shop, shop_statue

Skill      XL: |  1  2  3  4 |
---------------+-------------+-----
Fighting       | 4 |  4.5
Axes           | 3 |  3.4
Armour         | 4 |  4.4
Shields        | 4 |  4.0

Action                     |  1- 3 |  4- 6 || total
---------------------------+-------+-------++-------
  Melee: War axe           |    99 |     9 ||   108
         Headbutt          |    11 |       ||    11
 Armour: Scale mail        |    54 |     7 ||    61
  Dodge: Dodged            |    51 |     8 ||    59
  Block: Buckler           |    20 |     1 ||    21
